Ritschaba, chaotic female orcish Rogue ----- |.{.|# |...|# |...-### ------------ ############### |...|#####.........|.|####### ------.- --.-- ###|..........|# --|----------- |...<...## # #+..........-## #....>......... |......| # ### ------------# |............| #|......| ### ------ # ### ..............####|......| # |....| ### # -------------- #-------- ##.....| # # ##############|....| # # #.....| ------.-----# ------ |..........|# |..........|# |........F@.f ------------ Ritschaba the Footpad Experience level: 2 Strength: 13 Dexterity: 16 Constitution: 13 Intelligence: 11 Wisdom: 11 Charisma: 11 Health: 0(16) Energy: 6(6) Def: 3 Gold: 416 Moves: 1396 Dungeon seed: VzSHziuqqwpipBgV Game ID: Ritschaba_1500144209 Your Inventory: Coins $ - 416 gold pieces Weapons b - 15 +0 orcish daggers (wielded) i - a +0 dagger k - a +0 arrow Armor e - an uncursed +1 leather armor (being worn) r - an uncursed +0 splint mail Comestibles m - an uncursed cram ration o - an uncursed fortune cookie p - an uncursed lichen corpse v - an uncursed partly eaten food ration x - an uncursed yellow mold corpse Scrolls j - 2 uncursed scrolls of identify s - an uncursed scroll of magic mapping Potions c - an uncursed potion of sickness w - an uncursed potion of restore ability Rings y - an uncursed ring of slow digestion Tools d - an uncursed lock pick f - an uncursed sack Gems n - 2 uncursed worthless pieces of yellow glass q - an uncursed worthless piece of green glass Spells and supernatural/magical abilities: Name Level Category Fail Memory W - pray for help -- divine ? -- Your skills at the end: Fighting Skills Weapon Skills dagger [Basic] short sword [Basic] Spellcasting Skills Final Attributes: You were piously aligned. You were poison resistant. You had infravision. You were stealthy. You are dead. Vanquished creatures: a yellow mold a gnome zombie 2 geckos 2 jackals a fox 2 sewer rats 3 grid bugs 3 lichens 2 kobold zombies a newt 18 creatures vanquished. Voluntary challenges: You were vegetarian. You were an atheist. You used a wielded weapon 31 times, starting on turn 41. You were illiterate. You never genocided any monsters. You never polymorphed an object. You never changed form. You used no wishes. You never split a pudding. You never wrote Elbereth's name. You never violated your personal moral code. Dungeon overview: The Dungeons of Doom: levels 1 to 3 Level 1 a long staircase Level 2 a wand shop stairs to The Gnomish Mines Level 3 <- You were here a fountain The Gnomish Mines: Level 3 stairs to The Dungeons of Doom History has recorded: On T:1 you entered the Dungeons of Doom to retrieve the Amulet of Yendor! On T:320 you reached level 2 of The Dungeons of Doom. On T:618 you reached level 3 of The Dungeons of Doom. On T:620 you advanced to experience level 2. On T:881 you reached level 1 of The Gnomish Mines. Score breakdown: Gold: 416 ( 8912 points) Experience: 2 levels ( 5570 points) Exploration: 3 levels ( 6.12%) ( 6123 points) Discoveries: 0 items ( 0.00%) ( 0 points) Valuables value: (no points given unless you survive) Artifact value: 0 ( 0 points) Variety of kills: 10 monsters ( 2.62%) ( 4860 points) Turncount: 1396 turns ( 0 points) Survival: died (score multiplied by 80%) Total score: 20372 Latest messages: You have a little trouble lifting r - a splint mail. Your movements are slowed slightly because of your load. Never mind. The kobold zombie misses. The kobold zombie hits! Maui bites the kobold zombie. The kobold zombie is destroyed! You displace Maui. You stop. Maui is in the way! You displace Maui. (3x) You have a little trouble lifting $ - 70 gold pieces. You stop. Maui is in the way! You displace Maui. You miss the brown mold. You hit the brown mold. You miss the brown mold. You are suddenly very cold! You hit the brown mold. You are suddenly very cold! You die... The sack is empty. Final status: Goodbye Ritschaba the Rogue, killed by a brown mold... You died in The Dungeons of Doom on dungeon level 3 with 20372 points, and 416 pieces of gold, after 1396 moves. You were level 2 with a maximum of 16 hit points when you died.